 Dungeon Crawl Stone Soup version 0.31-a0-222-gefeffbb62a (webtiles) character file.

Game seed: 15107630722621298

11889 qw the Cleaver (level 11, -4/71 HPs)
             Began as a Gargoyle Fighter on July 4, 2023.
             Was an Elder of Okawaru.
             Killed by the air
             ... invoked by Gastronok
              (20 damage)
             ... on level 2 of the Lair of Beasts.
             The game lasted 00:05:32 (11105 turns).

qw the Cleaver (Gargoyle Fighter)                  Turns: 11105, Time: 00:05:32

Health: -4/71      AC: 31    Str: 24    XL:     11   Next: 84%
Magic:  17/17      EV: 10    Int:  9    God:    Okawaru [****..]
Gold:   526        SH:  5    Dex:  7    Spells: 10/10 levels left

rFire   + . .        f - +0 broad axe
rCold   . . .        c - +0 buckler
rNeg    + + .        i - +2 chain mail {rF+}
rPois   inf          b - +0 helmet
rElec   +            u - +0 cloak
rCorr   .            r - +0 pair of gloves
SInv    +            j - +2 pair of boots
Will    .....        s - amulet of faith Stlth
                     v - ring of see invisible
HPRegen 0.31/turn    q - ring of positive energy
MPRegen 0.15/turn

%: faith
@: about to teleport, heroic
A: sickness immunity, AC +8, negative energy resistance 1, electricity
resistance, torment resistance 1, petrification resistance, claws 1, hooves 1,
clumsy 1, subdued magic 1
a: Renounce Religion, Heroism, Finesse


You were on level 2 of the Lair of Beasts.
You worshipped Okawaru.
Okawaru was greatly pleased with you.
You visited 3 branches of the dungeon, and saw 11 of its levels.

You collected 526 gold pieces.


Innate Abilities, Weirdness & Mutations

You are immune to sickness and miasma.
Your stone body is resilient. (AC +8)
You are immune to poison.
You resist negative energy. (rN+)
You are resistant to electric shocks. (rElec)
You are resistant to unholy torment.
You are immune to petrification.
You have sharp fingernails.
You have large cloven feet.
You are clumsy. (Dex -2)
Your spells are a little easier to cast, but a little less powerful.


   Skills:
 - Level 9.0(14.0) Fighting
 - Level 12.0(17.0) Axes
 - Level 1.2(6.2) Throwing
 - Level 8.0(13.0) Armour
 - Level 1.5(6.5) Dodging
 + Level 5.0(10.0) Shields
 + Level 8.2 Invocations


You had 10 spell levels left.
You didn't know any spells.
Your spell library was empty.

Inventory:

Hand Weapons
 f - a +0 broad axe (weapon)
 w - a +0 hand axe of flaming
Armour
 b - a +0 helmet (worn)
 c - a +0 buckler (worn)
 e - a +0 plate armour
 i - a +2 chain mail of fire resistance (worn)
 j - a +2 pair of boots (worn)
 r - a +0 pair of gloves (worn)
 u - a +0 cloak (worn)
 x - +0 acid dragon scales
Jewellery
 k - the amulet of Amorality {Reflect Contam Regen+ Dex+4 SH+5}
   (You found it on level 6 of the Dungeon)

   [amulet of reflection]

   It reflects blocked missile attacks.
   Dex:       It affects your dexterity (+4).
   Contam:    It causes magical contamination when unequipped.
   Regen:     It increases your rate of health regeneration.
   SH:        It affects your SH (+5).
 q - a ring of positive energy (right hand)
 s - an amulet of faith (around neck)
 v - a ring of see invisible (left hand)
 y - a ring of see invisible
Scrolls
 a - 5 scrolls of teleportation
 t - a scroll of identify
Potions
 d - 3 potions of might
 g - a potion of heal wounds
 h - a potion of mutation
 l - 4 potions of curing
 m - 2 potions of lignification
 n - a potion of cancellation
 o - a potion of attraction
 p - a potion of haste

Dungeon Overview and Level Annotations

Branches:
Dungeon (8/15)             Temple (1/1) D:5            Lair (2/5) D:8
  Swamp (0/4) Lair:2
  Snake: Lair:2-3    Spider: Lair:2-3

Altars:
Cheibriados
Dithmenos
Elyvilon
Fedhas
Gozag
Hepliaklqana
Kikubaaqudgha
Nemelex Xobeh
Okawaru
Qazlal
Ru
Sif Muna
Uskayaw
Vehumet
Wu Jian
Xom
Yredelemnul
Zin
The Shining One

Annotations:
D:4 2 runed translucent doors, qw's ghost, weakling GrHs
D:7 1 runed translucent door, Crazy Yiuf
D:8 2 runed translucent doors
Lair:2 Gastronok


Message History

You block the salamander's attack. Gastronok bites you but does no damage.
You slash Gastronok!
Gastronok is moderately wounded.
You slash the fungus! You block the salamander's attack.
You slash Gastronok!
Gastronok is moderately wounded.
You slash the fungus!
You hear an angry hiss.
A nearby fungus withers and dies.
Gastronok waves his eye-stalks in wide circles.
The air twists around and strikes you.
You hit Gastronok.
Gastronok is moderately wounded.
The salamander hits you but does no damage.
You slice Gastronok!!
Gastronok is heavily wounded.
You hear an angry hiss.
The salamander hits you but does no damage.
You hit Gastronok.
Gastronok is heavily wounded.
You feel a sudden, passing aversion to salt.
The salamander hits you from afar with a +0 halberd.
You are engulfed in flames!
You resist.
You slash Gastronok!
Gastronok is heavily wounded.
You slash Gastronok!
Gastronok is heavily wounded.
The salamander misses you. Gastronok bites you!!
You hit Gastronok.
Gastronok is severely wounded.
The salamander hits you from afar with a +0 halberd.
You are engulfed in flames!
You resist.
11105 ||| READING 6 scrolls of teleportation.
As you read the scroll of teleportation, it crumbles to dust.
You feel strangely unstable.
The boulder beetle leaps!
You block the salamander's attack.
Gastronok waves his eye-stalks in wide circles.
The air twists around and strikes you!!
You die...

..............#
...........>..#
##.....##.....##
#......#.......##
......#.........#
..###.#..)...B.##
.. ####.......####
. #..##....#.#
#.#~~~#..@.#
...~~~~#.##w#
.).~~~~#.. 0N.
...#.##.....#..S
.P........?.###~~¤
.#.......#.#. ~¤
.####..##### # ###


You could see Gastronok, a boulder beetle, a salamander and a lava snake.

Vanquished Creatures
  A boulder beetle (Lair:1)
  Amaemon (Lair:1)
  Joseph (D:8)
  A black mamba (Lair:2)
  4 cane toads
  An orange demon (Lair:1)
  3 komodo dragons
  Prince Ribbit (D:8)
  A polar bear (Lair:1)
  Eustachio (D:6)
  13 yaks
  A basilisk (Lair:2)
  3 wargs (D:8)
  An acid dragon (D:8)
  8 water moccasins
  An orc warrior (D:8)
  4 ice beasts
  A sky beast (D:7)
  A black bear (D:7)
  9 wolves
  3 ogres
  A centaur (D:8)
  2 phantoms
  A kobold brigand (D:7)
  9 bullfrogs
  A scorpion (D:6)
  8 wights
  8 killer bees (D:7)
  2 howler monkeys
  3 hounds
  2 orc priests
  2 sleepcaps
  Ijyb (D:3)
  3 iguanas
  7 orc wizards
  A hound skeleton (D:3)
  9 adders
  An ufetubus (D:5)
  An adder skeleton (D:3)
  A worm (D:3)
  2 dart slugs
  30 orcs
  2 bats (D:1)
  6 endoplasms
  8 giant cockroaches
  6 hobgoblins
  2 jackals (D:3)
  3 quokkas
  7 ball pythons
  A ball python zombie (D:3)
  5 frilled lizards
  3 goblins
  6 kobolds
  A quokka zombie (D:3)
  3 rats
208 creatures vanquished.

Notes
Turn   | Place    | Note
-------+----------+-------------------------------------------
     0 | D:1      | qw the Gargoyle Fighter began the quest for the Orb.
     0 | D:1      | Reached XP level 1. HP: 14/14 MP: 1/1
     0 | D:1      | 0 ||| qw: Version: 0.3-a-46-gb1f654a
     0 | D:1      | 0 ||| qw: Game counter: 907
     0 | D:1      | 0 ||| qw: Melee chars always use a shield: true
     0 | D:1      | 0 ||| qw: God list: Okawaru
     0 | D:1      | 0 ||| qw: Allow faded altars: false
     0 | D:1      | 0 ||| qw: Do Orc after clearing Dungeon:15 true
     0 | D:1      | 0 ||| qw: Do second Lair branch before Depths: true
     0 | D:1      | 0 ||| qw: Lair rune preference: random
     0 | D:1      | 0 ||| qw: Goals: Normal, Zot:1-4, Slime:5, God:TSO, Crypt,
                  | Tomb, Abyss, Pan, Hells, Win
     0 | D:1      | 0 ||| PLANNING D:1-11
    11 | D:1      | 11 ||| Stepping ~*~*~tactically~*~*~ (stealth).
    22 | D:1      | Reached skill level 2 in Axes
    40 | D:1      | Reached XP level 2. HP: 19/19 MP: 2/2
   343 | D:1      | Reached skill level 3 in Axes
   395 | D:1      | 395 ||| UPGRADING to +2 chain mail of fire resistance.
   405 | D:1      | 405 ||| DROPPING +0 scale mail.
   406 | D:1      | 406 ||| UPGRADING to +2 pair of boots.
   411 | D:1      | 411 ||| READING 2 scrolls labelled UGAFFO SASHOLE.
   414 | D:1      | 414 ||| READING scroll labelled LED IBLIDWI.
   415 | D:1      | 415 ||| READING scroll labelled MON HUBIDGHA.
   416 | D:1      | 416 ||| DRINKING 3 orange potions.
   462 | D:2      | 462 ||| DROPPING +0 club.
   631 | D:2      | Reached XP level 3. HP: 23/23 MP: 3/3
  1171 | D:2      | 1171 ||| UPGRADING to +1 hat.
  1176 | D:2      | 1176 ||| DROPPING scarf of invisibility.
  1177 | D:2      | 1177 ||| READING scroll labelled KEZISOSMEC.
  1178 | D:2      | 1178 ||| READING scroll labelled MOKHLA XELIRU.
  1179 | D:2      | 1179 ||| READING scroll labelled REJ FOUFIE.
  1355 | D:3      | 1355 ||| Stepping ~*~*~tactically~*~*~ (stealth).
  1395 | D:3      | Reached XP level 4. HP: 18/28 MP: 4/4
  1470 | D:3      | 1470 ||| Stepping ~*~*~tactically~*~*~ (stealth).
  1471 | D:3      | 1471 ||| DROPPING +0 mace.
  1508 | D:3      | Reached skill level 4 in Axes
  1761 | D:3      | Found a faded altar of an unknown god.
  1775 | D:3      | Noticed Ijyb
  1781 | D:3      | Killed Ijyb
  1801 | D:3      | Reached XP level 5. HP: 32/32 MP: 5/5
  1962 | D:3      | 1962 ||| Stepping ~*~*~tactically~*~*~ (stealth).
  1963 | D:3      | 1963 ||| Stepping ~*~*~tactically~*~*~ (stealth).
  2193 | D:3      | 2193 ||| UPGRADING to +0 helmet.
  2203 | D:3      | 2203 ||| DROPPING +1 hat.
  2204 | D:3      | 2204 ||| UPGRADING to +0 pair of gloves.
  2209 | D:3      | 2209 ||| UPGRADING to +0 cloak.
  2214 | D:3      | 2214 ||| UPGRADING to amulet of faith.
  2219 | D:3      | 2219 ||| READING scroll labelled KEAB QODULA.
  2242 | D:4      | Reached skill level 5 in Axes
  2355 | D:4      | Found a runed translucent door.
  2356 | D:4      | Noticed qw's ghost (weakling GrHs)
  2479 | D:4      | Reached XP level 6. HP: 38/38 MP: 6/6
  2599 | D:4      | 2599 ||| READING scroll of enchant weapon.
  2599 | D:4      | 2599 ||| ENCHANTING +1 war axe.
  2805 | D:4      | Found a runed translucent door.
  2810 | D:4      | 2810 ||| READING scroll labelled YSOXTE HARUBLO.
  2911 | D:4      | 2911 ||| READING scroll labelled GEISKU HI GONA.
  2912 | D:4      | 2912 ||| DRINKING 2 fuming yellow potions.
  2912 | D:4      | Gained mutation: You have large cloven feet. [potion of
                  | mutation]
  2912 | D:4      | Gained mutation: You have hidden genetic defects. [potion
                  | of mutation]
  2912 | D:4      | Gained mutation: You have sharp fingernails. [potion of
                  | mutation]
  2913 | D:4      | 2913 ||| DRINKING 2 cyan potions.
  2974 | D:5      | Entered Level 5 of the Dungeon
  2977 | D:5      | 2977 ||| Stepping ~*~*~tactically~*~*~ (stealth).
  3000 | D:5      | Gained mutation: Your spells are a little easier to cast,
                  | but a little less powerful. [hidden defects]
  3166 | D:5      | Noticed an ice beast
  3178 | D:5      | Killed an ice beast
  3179 | D:5      | Reached skill level 6 in Axes
  3179 | D:5      | Reached XP level 7. HP: 43/43 MP: 7/7
  3180 | D:5      | Gained mutation: You are clumsy. (Dex -2) [hidden defects]
  3180 | D:5      | Lost mutation: You have hidden genetic defects. [hidden
                  | defects expressed]
  3372 | D:5      | Found a staircase to the Ecumenical Temple.
  3373 | D:5      | 3373 ||| PLANNING TEMPLE
  3373 | D:5      | 3373 ||| DROPPING +1 hat.
  3374 | D:5      | 3374 ||| READING scroll labelled ILASCHIGIOV.
  3415 | Temple   | Entered the Ecumenical Temple
  3416 | Temple   | 3416 ||| PLANNING OKAWARU WORSHIP
  4212 | Temple   | Became a worshipper of Warmaster Okawaru
  4213 | Temple   | 4213 ||| PLANNING D:1-11
  4452 | D:5      | 4452 ||| READING 2 scrolls of identify.
  4452 | D:5      | 4452 ||| IDENTIFYING murky black potion
  4453 | D:5      | 4453 ||| DROPPING potion of brilliance.
  4513 | D:6      | Reached skill level 7 in Axes
  4616 | D:6      | Reached XP level 8. HP: 42/50 MP: 8/8
  4658 | D:6      | 4658 ||| Stepping ~*~*~tactically~*~*~ (stealth).
  4693 | D:6      | Reached skill level 1 in Dodging
  4757 | D:6      | Identified the amulet of Amorality {Reflect Contam Regen+
                  | Dex+4 SH+5}
  5250 | D:6      | Noticed Eustachio
  5258 | D:6      | 5258 ||| Stepping ~*~*~tactically~*~*~ (stealth).
  5289 | D:6      | Killed Eustachio
  5289 | D:6      | Reached * piety under Okawaru
  5290 | D:6      | Reached skill level 8 in Axes
  5337 | D:6      | Reached skill level 1 in Invocations
  5341 | D:6      | 5341 ||| INVOKING Heroism.
  5552 | D:6      | 5552 ||| DROPPING +0 flail.
  5921 | D:6      | 5921 ||| UPGRADING to ring of see invisible.
  5922 | D:6      | 5922 ||| READING scroll labelled KUIROUKHLOE.
  5949 | D:7      | Reached skill level 6 in Fighting
  5957 | D:7      | Reached skill level 3 in Invocations
  6019 | D:7      | 6019 ||| INVOKING Heroism.
  6027 | D:7      | Reached XP level 9. HP: 46/55 MP: 8/11
  6101 | D:7      | 6101 ||| READING scroll of enchant weapon.
  6101 | D:7      | 6101 ||| ENCHANTING +2 war axe.
  6121 | D:7      | 6121 ||| Stepping ~*~*~tactically~*~*~ (stealth).
  6130 | D:7      | 6130 ||| INVOKING Heroism.
  6136 | D:7      | Reached ** piety under Okawaru
  6334 | D:7      | 6334 ||| Stepping ~*~*~tactically~*~*~ (stealth).
  6335 | D:7      | 6335 ||| Stepping ~*~*~tactically~*~*~ (stealth).
  6338 | D:7      | 6338 ||| Stepping ~*~*~tactically~*~*~ (stealth).
  6339 | D:7      | 6339 ||| Stepping ~*~*~tactically~*~*~ (stealth).
  6398 | D:7      | Reached skill level 9 in Axes
  6440 | D:7      | 6440 ||| Stepping ~*~*~tactically~*~*~ (stealth).
  6441 | D:7      | 6441 ||| Stepping ~*~*~tactically~*~*~ (stealth).
  6443 | D:7      | 6443 ||| Stepping ~*~*~tactically~*~*~ (hiding).
  6444 | D:7      | 6444 ||| Stepping ~*~*~tactically~*~*~ (hiding).
  6445 | D:7      | 6445 ||| Stepping ~*~*~tactically~*~*~ (hiding).
  6447 | D:7      | 6447 ||| Stepping ~*~*~tactically~*~*~ (hiding).
  6537 | D:7      | 6537 ||| Stepping ~*~*~tactically~*~*~ (stealth).
  6538 | D:7      | 6538 ||| Stepping ~*~*~tactically~*~*~ (stealth).
  6551 | D:7      | 6551 ||| INVOKING Heroism.
  6565 | D:7      | 6565 ||| Stepping ~*~*~tactically~*~*~ (stealth).
  6566 | D:7      | 6566 ||| Stepping ~*~*~tactically~*~*~ (stealth).
  6859 | D:7      | 6859 ||| INVOKING Heroism.
  7245 | D:7      | Found a runed translucent door.
  7246 | D:7      | Noticed Crazy Yiuf
  7361 | D:7      | 7361 ||| UPGRADING to ring of positive energy.
  7362 | D:7      | 7362 ||| READING scroll labelled XODIR HEQAN.
  7363 | D:7      | 7363 ||| READING 3 scrolls of identify.
  7363 | D:7      | 7363 ||| IDENTIFYING bubbling sapphire potion
  7364 | D:7      | 7364 ||| READING 2 scrolls of identify.
  7364 | D:7      | 7364 ||| IDENTIFYING lumpy grey potion
  7365 | D:7      | 7365 ||| DROPPING potion of degeneration.
  7366 | D:7      | 7366 ||| DROPPING potion of berserk rage.
  7534 | D:8      | Noticed Joseph
  7537 | D:8      | Noticed Prince Ribbit
  7538 | D:8      | 7538 ||| INVOKING Heroism.
  7560 | D:8      | Killed Joseph
  7573 | D:8      | 7573 ||| INVOKING Heroism.
  7575 | D:8      | Killed Prince Ribbit
  7576 | D:8      | Reached XP level 10. HP: 40/63 MP: 10/13
  7656 | D:8      | 7656 ||| INVOKING Heroism.
  7673 | D:8      | 7673 ||| INVOKING Heroism.
  7775 | D:8      | 7775 ||| Stepping ~*~*~tactically~*~*~ (hiding).
  7802 | D:8      | Found a runed translucent door.
  7811 | D:8      | Found a runed translucent door.
  7849 | D:8      | 7849 ||| Stepping ~*~*~tactically~*~*~ (hiding).
  7863 | D:8      | 7863 ||| INVOKING Heroism.
  7870 | D:8      | Reached skill level 10 in Axes
  7888 | D:8      | 7888 ||| Stepping ~*~*~tactically~*~*~ (stealth).
  7890 | D:8      | 7890 ||| Stepping ~*~*~tactically~*~*~ (stealth).
  7899 | D:8      | 7899 ||| FLEEEEING.
  7921 | D:8      | 7921 ||| Stepping ~*~*~tactically~*~*~ (stealth).
  7977 | D:8      | Found a staircase to the Lair.
  7979 | D:8      | 7979 ||| Stepping ~*~*~tactically~*~*~ (stealth).
  7993 | D:8      | 7993 ||| Stepping ~*~*~tactically~*~*~ (hiding).
  8051 | D:8      | Reached skill level 1 in Throwing
  8054 | D:8      | 8054 ||| Stepping ~*~*~tactically~*~*~ (stealth).
  8056 | D:8      | 8056 ||| Stepping ~*~*~tactically~*~*~ (hiding).
  8066 | D:8      | 8066 ||| INVOKING Heroism.
  8597 | D:8      | 8597 ||| PLANNING LAIR
  8597 | D:8      | 8597 ||| READING 3 scrolls of identify.
  8597 | D:8      | 8597 ||| IDENTIFYING black potion
  8598 | D:8      | 8598 ||| READING 2 scrolls of identify.
  8598 | D:8      | 8598 ||| IDENTIFYING red potion
  8634 | Lair:1   | Entered Level 1 of the Lair of Beasts
  8640 | Lair:1   | 8640 ||| STAIRDANCE
  8644 | D:8      | 8644 ||| INVOKING Heroism.
  8650 | D:8      | Reached *** piety under Okawaru
  8839 | Lair:1   | 8839 ||| STAIRDANCE
  8995 | Lair:1   | Noticed a boulder beetle
  8997 | Lair:1   | 8997 ||| INVOKING Heroism.
  9022 | Lair:1   | 9022 ||| INVOKING Heroism.
  9023 | Lair:1   | Killed a boulder beetle
  9141 | Lair:1   | 9141 ||| Stepping ~*~*~tactically~*~*~ (stealth).
  9143 | Lair:1   | 9143 ||| Stepping ~*~*~tactically~*~*~ (stealth).
  9197 | Lair:1   | Reached skill level 11 in Axes
  9203 | Lair:1   | 9203 ||| INVOKING Heroism.
  9206 | Lair:1   | Reached **** piety under Okawaru
  9292 | Lair:1   | Reached skill level 9 in Fighting
  9292 | Lair:1   | Reached XP level 11. HP: 69/71 MP: 14/14
  9404 | Lair:1   | 9404 ||| INVOKING Heroism.
  9526 | Lair:1   | 9526 ||| INVOKING Heroism.
  9542 | Lair:1   | Noticed Amaemon
  9547 | Lair:1   | Reached skill level 6 in Invocations
  9555 | Lair:1   | Killed Amaemon
  9555 | Lair:1   | Reached ***** piety under Okawaru
  9628 | Lair:1   | 9628 ||| Stepping ~*~*~tactically~*~*~ (stealth).
  9629 | Lair:1   | 9629 ||| Stepping ~*~*~tactically~*~*~ (stealth).
  9630 | Lair:1   | 9630 ||| Stepping ~*~*~tactically~*~*~ (stealth).
  9638 | Lair:1   | 9638 ||| INVOKING Heroism.
  9824 | Lair:1   | 9824 ||| Stepping ~*~*~tactically~*~*~ (stealth).
  9829 | Lair:1   | 9829 ||| Stepping ~*~*~tactically~*~*~ (stealth).
  9842 | Lair:1   | 9842 ||| INVOKING Heroism.
 10132 | Lair:1   | 10132 ||| READING scroll labelled MYUXEDGH PIVI.
 10133 | Lair:1   | 10133 ||| DRINKING 2 fizzy ruby potions.
 10134 | Lair:1   | 10134 ||| READING 2 scrolls of identify.
 10134 | Lair:1   | 10134 ||| IDENTIFYING yellow potion
 10135 | Lair:1   | 10135 ||| DROPPING potion of ambrosia.
 10164 | Lair:2   | 10164 ||| INVOKING Heroism.
 10176 | Lair:2   | Received a gift from Okawaru
 10203 | Lair:2   | 10203 ||| INVOKING Heroism.
 10209 | Lair:2   | Reached skill level 12 in Axes
 10246 | Lair:2   | 10246 ||| INVOKING Heroism.
 10368 | Lair:2   | 10368 ||| SWAPPING to +0 broad axe.
 10369 | Lair:2   | 10369 ||| DROPPING +3 war axe.
 10376 | Lair:2   | 10376 ||| Stepping ~*~*~tactically~*~*~ (hiding).
 10385 | Lair:2   | 10385 ||| INVOKING Heroism.
 10516 | Lair:2   | 10516 ||| INVOKING Heroism.
 10705 | Lair:2   | Found a staircase to the Swamp.
 10720 | Lair:2   | 10720 ||| INVOKING Heroism.
 10763 | Lair:2   | 10763 ||| FLEEEEING.
 10764 | Lair:2   | 10764 ||| FLEEEEING.
 10765 | Lair:2   | 10765 ||| FLEEEEING.
 10766 | Lair:2   | 10766 ||| STAIRDANCE
 10839 | Lair:1   | 10839 ||| READING 2 scrolls of identify.
 10839 | Lair:1   | 10839 ||| IDENTIFYING sapphire potion
 10842 | Lair:2   | 10842 ||| INVOKING Heroism.
 11088 | Lair:2   | Noticed Gastronok
 11089 | Lair:2   | 11089 ||| Stepping ~*~*~tactically~*~*~ (hiding).
 11090 | Lair:2   | 11090 ||| INVOKING Heroism.
 11092 | Lair:2   | Noticed a salamander
 11093 | Lair:2   | Noticed a boulder beetle
 11104 | Lair:2   | HP: 15/71 [salamander/+0 halberd (7)]
 11105 | Lair:2   | 11105 ||| READING 6 scrolls of teleportation.
 11105 | Lair:2   | Killed from afar by Gastronok

Levels and vault maps discovered:
D:1:      mrwooster_arrival_arrow, layout_rooms, nrook_campfire
D:2:      layout_basic
D:3:      minmay_spotlight, layout_basic, shapermc_ecumenical_altar_rom_forum,
          serial_undead, serial_undead_c, serial_undead_b, serial_undead_c,
          serial_undead_c, serial_undead_e, serial_undead_e, serial_undead_e,
          serial_undead_b, serial_undead_e, serial_undead_c,
          hangedman_decor_diamond_cutter, uniq_ijyb
D:4:      layout_loops_ring, ebering_ghost_sewer_f, guppyfry_early_lair_pool
D:5:      layout_cave_pools, minmay_temple_entry_steel_oval, minmay_statues_item
D:6:      layout_layer_cave, uniq_eustachio
D:7:      layout_layer_cave, uniq_crazy_yiuf_cottage
D:8:      lemuel_insect_pit, layout_basic, erik_lair_orcish_takeover,
          uniq_joseph, uniq_prince_ribbit1
Temple:   compressed_dpeg_triangle_lava_temple
Lair:1:   layout_gridlike, beast_lair_carwin_7, uniq_amaemon
Lair:2:   layout_gridlike, swamp_mist, nicolae_snake_entry_warm_welcome,
          uniq_gastronok

Skill      XL: |  1  2  3  4  5  6  7  8  9 10 11 |
---------------+----------------------------------+-----
Axes           | 2 3 4 5 6 7 8 9 11 12 | 12.0
Fighting       | 4 5 6 7 9 |  9.0
Armour         | 4 5 7 8 |  8.0
Dodging        | 1 |  1.5
Invocations    | 3 4 8 |  8.2
Shields        | 4 5 |  5.0
Throwing       | 1 |  1.2

Action                     |  1- 3 |  4- 6 |  7- 9 | 10-12 || total
---------------------------+-------+-------+-------+-------++-------
  Melee: War axe           |   123 |   139 |   292 |   261 ||   815
         Broad axe         |       |       |       |    65 ||    65
  Throw: Boomerang         |       |       |       |    27 ||    27
 Invoke: Heroism           |       |       |     7 |    20 ||    27
    Use: Scroll            |     6 |     4 |     7 |     6 ||    23
         Potion            |     1 |     2 |       |     1 ||     4
 Armour: Scale mail        |    37 |       |       |       ||    37
         Chain mail        |    36 |    74 |   193 |   231 ||   534
  Dodge: Dodged            |    51 |    45 |   127 |   147 ||   370
  Block: Buckler           |    17 |    21 |    52 |    56 ||   146

Table legend:
 A = Non-vault XP
 B = Vault XP
 C = Vault XP percentage of total XP
 D = Non-vault monster count
 E = Vault monster count
 F = Vault count percentage of total count
                 A         B        C        D         E       F
            +---------+---------+-------+---------+---------+-------
      Total |   12919 |    4066 |  23.9 |     175 |      33 |  15.9
            +---------+---------+-------+---------+---------+-------
        D:1 |      30 |       0 |   0.0 |      19 |       0 |   0.0
        D:2 |      15 |       0 |   0.0 |       7 |       0 |   0.0
        D:3 |      72 |      74 |  50.7 |      24 |      10 |  29.4
        D:4 |     103 |      41 |  28.5 |      14 |       3 |  17.6
        D:5 |     587 |       0 |   0.0 |      12 |       0 |   0.0
        D:6 |     878 |     203 |  18.8 |      16 |       1 |   5.9
        D:7 |    1826 |       0 |   0.0 |      32 |       0 |   0.0
        D:8 |    1593 |    1401 |  46.8 |      17 |      11 |  39.3
     Lair:1 |    4554 |    2347 |  34.0 |      21 |       8 |  27.6
     Lair:2 |    3261 |       0 |   0.0 |      13 |       0 |   0.0
            +---------+---------+-------+---------+---------+-------
